 Dungeon Crawl Stone Soup version 0.29.1-15-g9cfb28693d (webtiles) character file.

Game seed: 10602052929442267224

1793 KittyFluff the Basher (level 9, 0/55 HPs)
             Began as a Gargoyle Berserker on Apr 23, 2023.
             Was a High Priest of Trog.
             Slain by a gnoll sergeant
             ... wielding a +0 trident
              (3 damage)
             ... on level 6 of the Dungeon on Apr 24, 2023.
             The game lasted 00:26:18 (6778 turns).

KittyFluff the Basher (Gargoyle Berserker)          Turns: 6778, Time: 00:26:18

Health: 0/55       AC: 11    Str: 20    XL:     9   Next: 9%
Magic:  9/9        EV: 13    Int:  8    God:    Trog [*****.]
Gold:   306        SH:  0    Dex: 17    Spells: 8/8 levels left

rFire   + . .      SeeInvis .   o - +4 flail of the Sage {venom, rElec rC+ Str-3 Dex+6}
rCold   + . .      Faith    .   (no shield)
rNeg    + . .      Spirit   .   D - +0 leather armour
rPois   ∞          Reflect  .   c - +0 helmet
rElec   +          Harm     .   (no cloak)
rCorr   .          Rampage  .   (no gloves)
Will    .....                   (no boots)
Stlth   ++........              (no amulet)
HPRegen 0.18/turn               A - ring of protection from fire
MPRegen 0.11/turn               B - ring of flight

@: attractive, flying
A: sickness immunity, AC +6, negative energy resistance 1, electricity
resistance, torment resistance 1, petrification resistance
a: Renounce Religion, Berserk, Trog's Hand, Brothers in Arms


You were on level 6 of the Dungeon.
You worshipped Trog.
Trog was extremely pleased with you.
You visited 1 branch of the dungeon, and saw 6 of its levels.
You also visited: Ossuary.

You collected 306 gold pieces.

Inventory:

Hand Weapons
 a - a +0 mace
 n - a +0 sling
 o - the +4 flail of the Sage (weapon) {venom, rElec rC+ Str-3 Dex+6}
   (You found it on level 2 of the Dungeon)

   It poisons the flesh of those it strikes.
   Str:       It affects your strength (-3).
   Dex:       It affects your dexterity (+6).
   rC:        It protects you from cold.
   rElec:     It insulates you from electricity.
Missiles
 h - 9 javelins (quivered)
 k - 33 stones
 s - 3 boomerangs
 G - 5 poisoned darts
Armour
 c - a +0 helmet (worn)
 D - a +0 leather armour (worn)
Jewellery
 A - a ring of protection from fire (left hand)
 B - a ring of flight (right hand)
Wands
 f - a wand of digging (6)
 y - a wand of charming (10)
Scrolls
 g - a scroll of fog {unknown}
 m - 4 scrolls of teleportation {unknown}
 r - 2 scrolls of fear {unknown}
 t - 4 scrolls of magic mapping {unknown}
 v - a scroll of amnesia {unknown}
 x - a scroll of noise {unknown}
 z - a scroll of immolation {unknown}
 E - 2 scrolls of summoning {unknown}
 H - a scroll of enchant armour {unknown}
Potions
 b - 2 potions of invisibility
 d - 3 potions of resistance
 e - 3 potions of might
 i - a potion of haste
 j - 9 potions of curing
 u - a potion of berserk rage {unknown}
 w - 2 potions of mutation {unknown}
 C - 3 potions of heal wounds {unknown}
 F - 2 potions of cancellation {unknown}


   Skills:
 + Level 6.0 Fighting
 + Level 8.5 Maces & Flails
 * Level 5.9 Armour
 + Level 3.3 Dodging
 + Level 3.0 Stealth


You had 8 spell levels left.
You didn't know any spells.
Your spell library was empty.

Dungeon Overview and Level Annotations

Branches:
Dungeon (6/15)            Ossuary (visited)
 Temple: D:4-7

Altars:
Ashenzari
Gozag
Trog
The Shining One

Shops:
D:5 [

Annotations:
D:4 1 runed translucent door, zeram's ghost, amateur SpBr


Innate Abilities, Weirdness & Mutations

You are immune to sickness and miasma.
Your stone body is resilient. (AC +6)
You are immune to poison.
You resist negative energy. (rN+)
You are resistant to electric shocks. (rElec)
You are resistant to unholy torment.
You are immune to petrification.


Message History

The gnoll is severely wounded.
The gnoll sergeant hits you from afar with a +0 trident.
The gnoll completely misses you.
The gnoll hits you from afar with a +0 spear.
The shadow imp gestures at you. Pain shoots through your body!
You sock the gnoll!
You kill the gnoll!
Trog accepts your kill. The gnoll barely misses you.
The gnoll sergeant hits you but does no damage.
You sock the shadow imp!
You kill the shadow imp!
Trog accepts your kill. The gnoll barely misses you.
The gnoll sergeant barely misses you.
Your Stealth skill increases to level 3!
The gnoll sergeant closely misses you. The gnoll hits you but does no damage.
You barely miss the gnoll sergeant.
The gnoll sergeant hits you with a +0 trident.
The gnoll hits you from afar with a +0 spear!
* * * LOW HITPOINT WARNING * * *
You barely miss the gnoll sergeant. The gnoll sergeant barely misses you.
The gnoll closely misses you.
You hit the gnoll sergeant.
The gnoll sergeant is lightly wounded.
The gnoll sergeant hits you with a +0 trident!
* * * LOW HITPOINT WARNING * * *
The gnoll closely misses you.
You hit the gnoll sergeant.
The gnoll sergeant is poisoned.
The gnoll sergeant is lightly wounded.
The gnoll hits you from afar with a +0 spear!
* * * LOW HITPOINT WARNING * * *
The gnoll sergeant barely misses you.
It was a potion of attraction.
You feel attractive to monsters. The gnoll sergeant barely misses you.
The gnoll closely misses you.
You sock the gnoll sergeant!
The gnoll sergeant is heavily wounded.
The gnoll sergeant hits you with a +0 trident.
You die...

.#.#..####................†......
#####..###.##.......#.##.####.#..
#.#.#..#...##...>......#..# #.#..
#.#.#..#......#######.......#.#..
..#...##.#....# ##.##.#......
.###.##..#....## #####.##.###....
## ###.........# #......... #....
...........g###............###
..........Ogg@...........
.........#.#####...........
......>.?..# ##.......
.......#.$. ....... ......###...
....... #....# ###.. .#.....
#..#. ... ##..... .. .....


You could see an ogre, a gnoll sergeant (poisoned) and 2 gnolls.

Vanquished Creatures
  3 ice beasts
  2 black bears
  A kobold brigand (D:6)
  A phantom (D:5)
  2 necrophages (D:5)
  3 scorpions
  A hound (D:6)
  2 jellies
  2 orc priests
  A gnoll bouda (D:5)
  3 orc wizards
  Natasha (thrice) (D:3)
  4 iguanas
  13 mummies
  7 gnolls
  7 adders
  A shadow imp (D:6)
  A white imp (D:5)
  An ufetubus (D:6)
  4 worms
  20 orcs
  7 endoplasms
  A giant cockroach (D:3)
  7 goblins
  8 hobgoblins
  7 jackals
  5 quokkas
  10 ball pythons
  6 bats
  3 frilled lizards
  2 gnoll skeletons (Ossuary)
  9 kobolds
  5 kobold skeletons (Ossuary)
  2 kobold zombies (D:4)
  An orc skeleton (Ossuary)
  3 rats
  11 rat skeletons (Ossuary)
169 creatures vanquished.

Notes
Turn   | Place    | Note
-------+----------+-------------------------------------------
     0 | D:1      | KittyFluff the Gargoyle Berserker began the quest for the
                  | Orb.
     0 | D:1      | Reached XP level 1. HP: 14/14 MP: 1/1
   121 | D:1      | Reached XP level 2. HP: 16/19 MP: 2/2
   529 | D:1      | Found a faded altar of an unknown god.
   789 | D:1      | Reached XP level 3. HP: 24/24 MP: 3/3
  1188 | D:2      | Reached ** piety under Trog
  1299 | D:2      | Identified the +4 flail of the Sage {venom, rElec rC+ Str-3
                  | Dex+6}
  1651 | D:2      | Reached XP level 4. HP: 29/29 MP: 4/4
  2134 | D:3      | Noticed Natasha
  2140 | D:3      | Killed Natasha
  2141 | D:3      | Reached skill level 4 in Maces & Flails
  2170 | D:3      | Reached XP level 5. HP: 28/33 MP: 5/5
  2272 | D:3      | Noticed Natasha
  2280 | D:3      | Killed Natasha
  2469 | D:3      | Noticed Natasha
  2472 | D:3      | Killed Natasha
  2472 | D:3      | Reached *** piety under Trog
  2802 | D:4      | Reached skill level 1 in Stealth
  2852 | D:4      | Found a sand-covered staircase.
  2858 | D:4      | Reached XP level 6. HP: 22/38 MP: 6/6
  2966 | Ossuary  | Entered an ossuary
  3367 | Ossuary  | Reached skill level 5 in Maces & Flails
  3653 | Ossuary  | Reached **** piety under Trog
  4224 | D:4      | Noticed a black bear
  4256 | D:4      | Killed a black bear
  4257 | D:4      | Reached XP level 7. HP: 44/44 MP: 7/7
  4475 | D:4      | Found a runed translucent door.
  4619 | D:4      | Reached skill level 6 in Maces & Flails
  4655 | D:4      | Noticed zeram's ghost (amateur SpBr)
  4773 | D:5      | Entered Level 5 of the Dungeon
  4839 | D:5      | Reached skill level 5 in Fighting
  4846 | D:5      | Reached XP level 8. HP: 24/49 MP: 8/8
  5029 | D:5      | Reached skill level 7 in Maces & Flails
  5035 | D:5      | Reached skill level 5 in Armour
  5105 | D:5      | Found Qaxkiup's Armour Emporium.
  5158 | D:5      | Found a broken altar of Ashenzari.
  5855 | D:5      | Found a bloodstained altar of Trog.
  6054 | D:5      | Reached ***** piety under Trog
  6321 | D:5      | Found an opulent altar of Gozag.
  6321 | D:5      | Found a glowing golden altar of the Shining One.
  6510 | D:6      | Reached skill level 8 in Maces & Flails
  6673 | D:6      | Reached XP level 9. HP: 28/55 MP: 9/9
  6776 | D:6      | HP: 2/55 [gnoll/+0 spear[a gnoll sergeant] (7)]
  6778 | D:6      | Slain by a gnoll sergeant

Illustrated notes

Levels and vault maps discovered:
D:1:      lightli_arrival_lavapool, layout_loops_ring,
          chequers_ecumenical_altar_twisty, nicolae_wormholes
D:2:      layout_basic
D:3:      layout_loops_cross, grunt_ministairs_15, uniq_natasha
D:4:      layout_cave_pools, ebering_ghost_reflecting_pool,
          nicolae_ossuary_entry_giza
D:5:      layout_layer_cave, amethyst_overflow_temple_binary,
          lightli_temple_of_fire, nicolae_overflow_hidden_temple, serial_shops,
          nicolae_shop_advertising_works [nicolae_subvault_shop_adworks]
D:6:      lemuel_castle_with_subvaults [lemuel_castle_interior_carwin_2],
          layout_rooms, minmay_puff

Skill      XL: |  1  2  3  4  5  6  7  8  9 |
---------------+----------------------------+-----
Dodging        | 2 3 |  3.3
Armour         | 3 4 5 |  5.9
Maces & Flails | 4 5 6 8 |  8.5
Fighting       | 4 5 6 |  6.0
Stealth        | 1 2 3 |  3.0

Action                   |  1- 3 |  4- 6 |  7- 9 || total
-------------------------+-------+-------+-------++-------
Melee: Mace              |    89 |       |       ||    89
       Punch             |     2 |     1 |       ||     3
       Flail             |    14 |   164 |   170 ||   348
  Use: Scroll            |       |       |     7 ||     7
       Potion            |       |       |     1 ||     1
 Stab: Sleeping          |       |     3 |     2 ||     5
Armor: Animal skin       |    40 |    14 |       ||    54
       Leather armour    |       |    17 |    65 ||    82
Dodge: Dodged            |    87 |    76 |    98 ||   261
